 Dungeon Crawl Stone Soup version 0.30-a0-760-g5a9884bb7c (webtiles) character file.

Game seed: 17435008463949449880

32 dolemite99 the Magician (level 3, 0/25 HPs)
             Began as a Djinni Conjurer on Feb 11, 2023.
             Was a Follower of Cheibriados.
             Slain by a hobgoblin (4 damage)
             ... on level 2 of the Dungeon.
             The game lasted 00:02:04 (1337 turns).

dolemite99 the Magician (Djinni Conjurer)           Turns: 1337, Time: 00:02:05

Health: 0/25       AC:  2    Str:  6 (9)  XL:     3   Next: 45%
Gold:   120        EV: 12    Int: 23 (24) God:    Cheibriados [*.....] SH:  0 Dex: 12 (14)

rFire   + + .      SeeInvis .    i - +0 dagger
rCold   x . .      Faith    .    (no shield)
rNeg    . . .      Spirit   .    a - +0 robe
rPois   ∞          Reflect  .    (no helmet)
rElec   .          Harm     .    (no cloak)
rCorr   .          Rampage  .    (no gloves)
Will    .....                    (boots unavailable)
Stlth   ++                       (no amulet)
HPRegen 0.24/turn                (no ring)
MPRegen 0.00/turn                (no ring)

@: attractive, flying, very slow
A: sickness immunity, fire resistance 2, cold vulnerability 1, float, innate
caster, HP casting, extra vitality 1
a: Renounce Religion, Bend Time


You were on level 2 of the Dungeon.
You worshipped Cheibriados.
Cheibriados was aware of your devotion.
You visited 1 branch of the dungeon, and saw 2 of its levels.

You collected 120 gold pieces.

Inventory:

Hand Weapons
 i - a +0 dagger (weapon)
Armour
 a - a +0 robe (worn)
Scrolls
 d - a scroll of poison {unknown}
 f - a scroll of magic mapping {unknown}
 g - a scroll of torment {unknown}
 k - a scroll of blinking {unknown}
 l - a scroll of identify {unknown}
Potions
 b - a potion of magic
 e - a potion of mutation {unknown}
 h - a potion of might {unknown}


   Skills:
 - Level 2.1 Dodging
 - Level 1.5 Stealth
 + Level 4.0 Spellcasting


You couldn't memorise any spells.
You knew the following spells:

 Your Spells              Type           Power      Damage    Failure   Level
a - Magic Dart            Conj           92%        1d7       1%          1
b - Sting                 Tmut/Pois      92%        1d7       1%          1
c - Dazzling Flash        Conj/Hex       46%        N/A       6%          3
d - Fulminant Prism       Conj/Hex       11%        3d8       19%         4
e - Iskenderun's Mystic   Conj/Tloc      23%        2d6       19%         4
f - Searing Ray           Conj           46%        2d6       3%          2
Your spell library was empty.

Dungeon Overview and Level Annotations

Branches:
Dungeon (2/15)

Altars:
Cheibriados


Innate Abilities, Weirdness & Mutations

You are immune to sickness and miasma.
You are immune to poison.
Your flesh is very heat resistant. (rF++)
You are vulnerable to cold. (rC-)
You float through the air rather than walking.
You learn spells naturally, not from books.
Your magical power is your life essence.
You have superior vitality. (+4 MHP)


Message History

Press: ? - help, Shift-Dir - straight line, f/p - dart slug
Aim: a dart slug (heavily wounded, poisoned, 100% to hit)
The sting hits the dart slug!
The dart slug looks even sicker.
You kill the dart slug!
Casting: Sting (safe; 1% risk of failure)
Confirm with . or Enter, or press ? or * to list all spells.
You can't see any susceptible monsters within range! (Use Z to cast anyway.)
Casting: Sting (safe; 1% risk of failure)
Confirm with . or Enter, or press ? or * to list all spells.
You can't see any susceptible monsters within range! (Use Z to cast anyway.)
You now have 120 gold pieces (gained 6).
A hobgoblin comes into view.
A worm and a hobgoblin come into view.
The hobgoblin shouts! x2
The worm closely misses you. The hobgoblin attacks as you move away!
The hobgoblin closely misses you. The hobgoblin misses you.
The hobgoblin attacks as you move away! The hobgoblin hits you.
The hobgoblin misses you. The hobgoblin closely misses you.
The hobgoblin attacks as you move away! The hobgoblin misses you.
The hobgoblin hits you. The hobgoblin attacks as you move away!
The hobgoblin hits you. The hobgoblin attacks as you move away!
The hobgoblin hits you. The hobgoblin attacks as you move away!
The hobgoblin barely misses you. The hobgoblin hits you.
The hobgoblin closely misses you. The hobgoblin hits you. x2
The hobgoblin hits you. x2
* * * LOW HITPOINT WARNING * * *
The hobgoblin attacks as you move away! The hobgoblin hits you.
* * * LOW HITPOINT WARNING * * *
The hobgoblin attacks as you move away! The hobgoblin closely misses you.
It was a potion of degeneration.
There was something very wrong with that liquid.
You feel weakened.
You feel dopey.
You feel clumsy. The hobgoblin closely misses you.
It was a potion of attraction.
You feel attractive to monsters. The hobgoblin hits you.
You die...

## ### #.. ..# #.# #.# ########
##.#####.# #......# #.....##.#
#.####.# #..##.##.# #.####.###
#..##.##.# #.##.....#
#.......g###.##.#.#.#
###....w..g@......†.#.######
####........###########.......#
#.......#..## #..####.#
#.##.......######## #.)###
###.##.......##.....# #....#
..w.##..#.#..##.....# #.##.#
....##..#...........# #.##.##.#
....##...(...##.....# #.......#
.#####..##...##.....# ###.#####


You could see a worm and 2 hobgoblins.

Vanquished Creatures
  A worm (D:2)
  2 dart slugs
  3 ball pythons (D:1)
  A bat (D:1)
  3 endoplasms (D:1)
  A giant cockroach (D:1)
  3 goblins
  2 hobgoblins (D:1)
  2 quokkas
  3 frilled lizards
  A kobold (D:1)
  2 rats (D:1)
24 creatures vanquished.

Vanquished Creatures (others)
  A fungus (D:1)
  4 toadstools (D:1)
5 creatures vanquished.

Grand Total: 29 creatures vanquished

Notes
Turn   | Place    | Note
-------+----------+-------------------------------------------
     0 | D:1      | dolemite99 the Djinni Conjurer began the quest for the Orb.
     0 | D:1      | dolemite99 set off with the following spells memorised:
                  | Magic Dart, Searing Ray, Dazzling Flash, Fulminant Prism,
                  | Iskenderun's Mystic Blast.
     0 | D:1      | Reached XP level 1. HP: 15/15 MP: 0/0
   535 | D:1      | Reached XP level 2. HP: 20/21 MP: 0/0
   857 | D:1      | Found a faded altar of an unknown god.
   867 | D:1      | Prayed at the altar of an unknown god.
   867 | D:1      | Became a worshipper of Cheibriados the Contemplative
   867 | D:1      | Reached * piety under Cheibriados
   955 | D:1      | Reached XP level 3. HP: 21/25 MP: 0/0
   955 | D:1      | Learned a level 1 spell: Sting
  1205 | D:2      | Reached skill level 4 in Spellcasting
  1337 | D:2      | Slain by a hobgoblin

Illustrated notes

Levels and vault maps discovered:
D:1:      heliophobic_arrival_enchanted_forest, layout_loops_ring,
          shapermc_ecumenical_altar_petra, grunt_decor_fettered,
          minmay_gold_behind_fungi, chequers_avenue
D:2:      layout_loops_cross

Skill      XL: |  1  2  3 |
---------------+----------+-----
Spellcasting   | 4 |  4.0
Dodging        | |  2.1
Stealth        | |  1.5

Action                     || total
---------------------------++-------
  Melee: Dagger            ||     6
   Cast: Magic Dart        ||    44
         Sting             ||    12
    Use: Potion            ||     2
 Armour: Robe              ||     3
  Dodge: Dodged            ||    20

Table legend: (Time is in decaauts)
 A = Elapsed time spent in this place.
 B = Non-inter-level travel time spent in this place.
 C = Inter-level travel time spent in this place.
 D = Time resting spent in this place.
 E = Time spent auto-exploring this place.
 F = Levels seen in this place.
 G = Mean time per level.
                   A        B        C        D        E       F      G
               +--------+--------+--------+--------+--------+-----+--------+
         Total |   1488 |   1459 |     29 |    367 |    846 |   2 |  744.0 |
       Dungeon |   1488 |   1459 |     29 |    367 |    846 |   2 |  744.0 |
               +--------+--------+--------+--------+--------+-----+--------+

Top non-repeatable levels by time:
     D:1: 1253 daAuts
     D:2: 235 daAuts
